Cogmind - Beta 15 @@@ ROGUE MODE // 2025.06.09 @ 17:21:46 Player: 3.14 Result: Self-destructed Performance ------------- Evolutions (3) 1500 Regions Visited (4) 800 Robots Destroyed (71) 355 Value Destroyed (1991) 1991 Prototype IDs (9) 180 Alien Tech Used (0) 0 Bonus (0) 0 TOTAL SCORE: 4826 Bonus ------- None Cogmind --------- Core Integrity 677/700 Matter 230/300 Energy 594/800 System Corruption 0% Temperature Cool (12) Movement Treading (242) Ox1 Location -7/Factory Parts ------- > --- POWER (1) -------- Hybrid Deuterium Engine > --- PROPULSION (4) --- Light Treads Light Treads Light Treads Armored Treads > --- UTILITY (6) ------ Improved Heat Sink Cooling System Huge Storage Unit Improved Targeting Computer Hardened Medium Armor Plating Hardened Medium Armor Plating > --- WEAPON (2) ------- Heavy Particle Cannon Heavy Particle Cannon > --- INVENTORY (25) --- Subdweller Power Source Hybrid Deuterium Engine Light Treads Light Treads Light Treads Subdweller Optics Hardened Medium Armor Plating Hardened Medium Armor Plating Hardened Medium Armor Plating Precision Beam Rifle Improved Assault Rifle Improved Assault Rifle Gauss Rifle Gauss Rifle Gauss Rifle Gauss Rifle Advanced Assault Cannon Advanced Assault Cannon Advanced Assault Cannon Advanced Assault Cannon Improved Grenade Launcher Plasma Cutter Katana Scrap Shield Fragment (49) Peak State ------------ > --- POWER ------------ Hybrid Deuterium Engine > --- PROPULSION ------- Light Treads Light Treads Light Treads Armored Treads > --- UTILITY ---------- Improved Heat Sink Cooling System Huge Storage Unit Improved Targeting Computer Hardened Medium Armor Plating Hardened Medium Armor Plating > --- WEAPON ----------- Heavy Particle Cannon Heavy Particle Cannon > --- INVENTORY -------- Subdweller Power Source Hybrid Deuterium Engine Light Treads Light Treads Light Treads Subdweller Optics Hardened Medium Armor Plating Hardened Medium Armor Plating Hardened Medium Armor Plating Precision Beam Rifle Improved Assault Rifle Improved Assault Rifle Gauss Rifle Gauss Rifle Gauss Rifle Gauss Rifle Advanced Assault Cannon Advanced Assault Cannon Advanced Assault Cannon Advanced Assault Cannon Improved Grenade Launcher Plasma Cutter Katana Scrap Shield Fragment [Rating: 37] Favorites ----------- Power Improved Ion Engine Engine Improved Ion Engine Power Core Nuclear Core Propulsion Light Treads Treads Light Treads Leg Aluminum Leg Utility High-capacity Storage Unit Device Cooling System Storage High-capacity Storage Unit Processor Improved Targeting Computer Hackware Hacking Suite Protection Light Armor Plating Weapon Heavy Assault Rifle Energy Gun Precision Beam Rifle Energy Cannon Heavy Particle Cannon Ballistic Gun Heavy Assault Rifle Build | -11 -10 -10 -8 -7 ------- Run | Yrd Mat Sub Mat Fac Slots Evolved 6 | . . . 4 2 Power . | . . . . . Propulsion 2 | . . . 2 . Utility 4 | . . . 2 2 Weapon . | . . . . . Parts Attached 60 | . 13 7 37 3 Power 4 | . 1 1 2 . Engine 3 | . 1 1 1 . Core 1 | . . . 1 . Reactor . | . . . . . Propulsion 16 | . 5 1 10 . Treads 16 | . 5 1 10 . Leg . | . . . . . Wheel . | . . . . . Hover . | . . . . . Flight . | . . . . . Utility 17 | . 3 2 11 1 Device 3 | . . 1 2 . Storage 2 | . 1 . 1 . Processor 4 | . 1 . 3 . Hackware 1 | . . . 1 . Protection 7 | . 1 1 4 1 Artifact . | . . . . . Weapon 23 | . 4 3 14 2 Energy Gun 4 | . 1 . 3 . Energy Cannon 3 | . . 1 . 2 Ballistic Gun 16 | . 3 2 11 . Ballistic Cannon . | . . . . . Launcher . | . . . . . Special Weapon . | . . . . . Impact Weapon . | . . . . . Slashing Weapon . | . . . . . Piercing Weapon . | . . . . . Special Melee Weapon . | . . . . . Unidentified Prototypes 4 | . . . 4 . Parts Lost 10 | . 1 2 7 . Power 1 | . . 1 . . Propulsion 5 | . . . 5 . Utility 3 | . 1 1 1 . Weapon 1 | . . . 1 . Highest Loss Streak 2 | . 1 1 2 . To Critical Strikes . | . . . . . Average Backups 18 | . 15 17 20 22 Power 1 | . 1 1 1 2 Propulsion 2 | . 2 4 2 2 Utility 2 | . 2 1 2 3 Weapon 10 | . 8 11 12 13 Tool/Special . | . . . . . Unused Backups 41 | . 9 . 18 14 Power 4 | . 2 . 1 1 Propulsion 6 | . 4 . 2 . Utility 7 | . 2 . 1 4 Weapon 22 | . . . 14 8 Tool/Special 2 | . 1 . . 1 Average Slot Usage (%) 98 | . 99 100 97 97 Engine 9 | . 14 14 2 7 Core 2 | . . . 6 . Treads 30 | . 27 28 35 30 Device 2 | . . 4 2 13 Storage 11 | . 14 14 9 7 Processor 4 | . 3 . 7 7 Hackware 2 | . . . 5 . Protection 9 | . 9 9 9 13 Energy Gun 1 | . 1 . 2 . Energy Cannon 2 | . . 1 2 12 Ballistic Gun 19 | . 26 26 13 2 Peak Build Rating 37 | . 12 16 33 37 Average Rating 18 | . 10 13 25 35 On Entrance 14 | 6 6 12 16 33 Naked Turns . | . . . . . Heaviest Build 118 | 14 56 61 105 118 Greatest Support 80 | 20 40 40 80 80 Greatest Overweight (x) 1 | . 1 1 1 1 Average Overweight (x) . | . . 1 . 1 Largest Inventory Capacity 25 | . 20 20 25 25 Average Capacity 20 | . 19 20 21 25 Most Carried 25 | . 20 20 25 25 Average Carried 18 | . 15 18 21 23 Final Capacity 25 | 8 20 20 25 25 Final Carried 25 | 6 18 20 25 24 Class Distribution -------------------- 66% | Mutant 33% | Scavenger-Mutant Dominant Class ---------------- Mutant | -10/Materials Mutant | -10/Subcaves Scavenger-Mutant | -8/Materials Scavenger-Mutant | -7/Factory Resources | -11 -10 -10 -8 -7 ----------- Run | Yrd Mat Sub Mat Fac Matter Collected 1934 | 200 401 192 1141 . Remotely . | . . . . . Salvage Created 2850 | . 748 213 1604 285 Parts 150 | . 38 10 88 14 Haulers Intercepted 6 | . 2 . 4 . Recyclers Shooed 6 | . 1 . 5 . Parts Field Recycled . | . . . . . Retrieved Matter . | . . . . . Parts Self-Destructed . | . . . . . Prevented . | . . . . . Kills | -11 -10 -10 -8 -7 ------- Run | Yrd Mat Sub Mat Fac Combat Hostiles Destroyed 50 | . 16 5 24 5 Guns 43 | . 16 5 22 . Cannons 6 | . . . 2 4 Classes Destroyed 15 | . 8 1 5 1 Worker 3 | . 1 . 2 . Builder 4 | . . . 4 . Hauler 6 | . 2 . 4 . Recycler 5 | . 1 . 4 . Mechanic 1 | . 1 . . . Operator 1 | . 1 . . . Watcher 1 | . 1 . . . Swarmer 13 | . 6 . 7 . Grunt 19 | . 10 . 7 2 Duelist 1 | . . . . 1 Sentry 8 | . . . 6 2 Demolisher 1 | . . . 1 . Hunter 2 | . . . 2 . Heavy 1 | . . . 1 . Subdweller 5 | . . 5 . . Best Kill Streak 10 | . 5 2 10 5 Combat Bots Only 5 | . 4 2 4 5 Max Kills in Single Turn 2 | . 2 1 2 1 Gunslinging 1 | . 1 . . . Exploded . | . . . . . Melee . | . . . . . Uniques/NPCs Destroyed . | . . . . . Combat | -11 -10 -10 -8 -7 -------- Run | Yrd Mat Sub Mat Fac Hostile Shots Fired 366 | . 70 31 174 91 Missed 117 | . 17 6 48 46 Hits 249 | . 53 25 126 45 Projectile 249 | . 53 25 126 45 AOE 4 | . . . 3 1 Critical Strikes 9 | . 1 1 6 1 Damage Taken 3889 | . 564 629 2230 466 Core 517 | . 73 155 266 23 Absorbed by Shields . | . . . . . Redirected to Shielding 15 | . . . 15 . Regen/Repaired (Parts) 395 | . 130 . 139 126 Core Remaining (%) 53 | 100 . 8 51 . Volleys Fired 203 | . 48 22 121 12 Largest 2 | . 2 2 2 2 Hottest 150 | . 60 50 105 150 Shots Fired 405 | . 96 44 241 24 Gun 358 | . 96 44 218 . Cannon 47 | . . . 23 24 Launcher . | . . . . . Special . | . . . . . Kinetic 330 | . 94 44 192 . Thermal 73 | . . . 49 24 Explosive . | . . . . . Electromagnetic 2 | . 2 . . . Robot Hit Streak 24 | . 8 22 24 23 Robot Miss Streak 4 | . 3 3 4 1 Penetration Max . | . . . . . Secondary Targets 9 | . 2 1 6 . Max Gunslinging Chain 1 | . 1 1 1 . Shots Hit Robots 284 | . 55 36 171 22 Core Hits 115 | . 29 10 67 9 Critical Kills . | . . . . . Critical Parts Destroyed 1 | . . . 1 . Critical Strikes 4 | . . 1 3 . Burn 2 | . . . 2 . Destroy 2 | . . 1 1 . Melee Attacks . | . . . . . Impact . | . . . . . Slashing . | . . . . . Piercing . | . . . . . Sneak Attacks . | . . . . . Combat Hostiles . | . . . . . Follow-up Attacks . | . . . . . Damage Inflicted 5244 | . 940 554 3200 550 Guns 4101 | . 876 554 2671 . Cannons 1024 | . . . 474 550 Explosions . | . . . . . Melee . | . . . . . Ramming 119 | . 64 . 55 . Kinetic 3653 | . 860 554 2239 . Thermal 1456 | . . . 906 550 Explosive . | . . . . . Electromagnetic 16 | . 16 . . . Impact . | . . . . . Slashing . | . . . . . Piercing . | . . . . . Highest Corruption 1 | . . . 1 . Average Corruption 1 | . . . 1 . Corruption Purged . | . . . . . Corruption Blocked . | . . . . . Effects 13 | . . . 13 . Message Errors 1 | . . . 1 . Matter Fused 3 | . . . 3 . Heat Flow Errors 1 | . . . 1 . Energy Discharges 1 | . . . 1 . Parts Rejected 1 | . . . 1 . Data Loss (minor) 2 | . . . 2 . Data Loss (major) 1 | . . . 1 . Misfires 2 | . . . 2 . Weapon Failures 1 | . . . 1 . Overload Shots . | . . . . . Overflow Damage . | . . . . . Projectiles . | . . . . . Explosions . | . . . . . Melee . | . . . . . Knockbacks 1 | . 1 . . . Impact 1 | . 1 . . . Kinetic . | . . . . . Secondary . | . . . . . Self-Inflicted Damage . | . . . . . Shots . | . . . . . Rammed 17 | . 10 . 7 . Targets Rammed 19 | . 11 . 8 . Kicked . | . . . . . Crushed 2 | . 1 . 1 . Highest Temperature 447 | . 27 . 447 20 Average Temperature 64 | . 10 . 76 9 Received Heat Transfer 1155 | . 255 159 567 174 Effects 4 | . . . 4 . Shutdowns 1 | . . . 1 . Interference 1 | . . . 1 . Damage (minor) 2 | . . . 2 . Siege Activations . | . . . . . Martial Activations . | . . . . . Shielding Activations . | . . . . . Robots Disrupted . | . . . . . Combat Hostiles . | . . . . . Robots Corrupted . | . . . . . Combat Hostiles . | . . . . . Parts Fried . | . . . . . Impact Corruptions . | . . . . . Robots Melted 1 | . . . . 1 Combat Hostiles 1 | . . . . 1 Parts Melted 3 | . . . 1 2 Heat Transferred 2516 | . . . 1702 814 Parts Sabotaged . | . . . . . Parts Stolen . | . . . . . Parts Stripped . | . . . . . Power Chain Reactions . | . . . . . Alert | -11 -10 -10 -8 -7 ------- Run | Yrd Mat Sub Mat Fac Maximum Alert Level 1 | . 1 . 1 1 Low Security (%) 81 | . 88 . 69 98 Level 1 18 | . 11 . 30 1 Level 2 . | . . . . . Level 3 . | . . . . . Level 4 . | . . . . . Level 5 . | . . . . . High Security . | . . . . . Max Security . | . . . . . Peak Influence 283 | . 283 . 242 271 Initial 22 | . . . . 22 Average 81 | . 64 . 116 11 Influence Increases 1519 | . 492 . 743 284 Destroy 0b10 Robot/C 900 | . 320 . 480 100 Destroy 0b10 Robot/NC 105 | . 35 . 70 . Destroy Leader 214 | . 56 . 128 30 Successful Hack 33 | . 19 . 11 3 Disable Machine 15 | . . . 15 . Anti-Garrison Action 150 | . . . . 150 Destroy Structure 12 | . 2 . 9 1 Lose Combat Pursuer 90 | . 60 . 30 . Influence Decreases 1248 | . 491 1 693 63 Entered New Map 29 | . . 1 . 28 Time Decay 835 | . 331 . 469 35 Lost Part 71 | . 10 . 61 . Lost Ally 10 | . . . 10 . Purge Threat 303 | . 150 . 153 . Squads Dispatched 9 | . 1 . 5 3 Investigation 1 | . 1 . . . Extermination . | . . . . . Reinforcement 3 | . . . 3 . Assault 2 | . . . . 2 Garrison 3 | . . . 2 1 Intercept . | . . . . . Searches Triggered . | . . . . . Construction Impeded 1 | . . . 1 . Haulers Reinforced . | . . . . . Active Scanning Responses . | . . . . . Cargo Convoy Interrupts . | . . . . . Stealth | -11 -10 -10 -8 -7 --------- Run | Yrd Mat Sub Mat Fac Distress Signals 4 | . 1 . 3 . Communications Jammed . | . . . . . Distress Signals . | . . . . . Times Spotted 89 | . 34 5 42 8 Peak Tracking Total 6 | . 6 2 5 5 Tactical Retreats 5 | . 3 . 2 . Traps | -11 -10 -10 -8 -7 ------- Run | Yrd Mat Sub Mat Fac Traps Triggered 3 | . 1 . 2 . Indirectly . | . . . . . Trap Hack Attempts . | . . . . . Triggered . | . . . . . Disarmed . | . . . . . Reprogrammed . | . . . . . Reused 1 | . . 1 . . Traps Extracted . | . . . . . Installed 1 | . . 1 . . Triggered . | . . . . . Most Traps Carried 1 | . . 1 . . Machines | -11 -10 -10 -8 -7 ---------- Run | Yrd Mat Sub Mat Fac Machines Disabled 2 | . . . 1 1 Max in Single Turn 1 | . . . 1 1 Garrison Access 2 | . . . 1 1 Machines Repaired . | . . . . . Machines Dismantled . | . . . . . Machines Sabotaged . | . . . . . Overloaded Fab Kills . | . . . . . Hacking | -11 -10 -10 -8 -7 --------- Run | Yrd Mat Sub Mat Fac Machines Accessed 18 | . 9 . 8 1 Terminals 13 | . 8 . 5 . Fabricators . | . . . . . Repair Stations 3 | . 1 . 1 1 Recycling Units 1 | . . . 1 . Scanalyzers . | . . . . . Garrison Access 1 | . . . 1 . Total Hacks 44 | . 26 . 16 2 Successful 28 | . 14 . 12 2 Failed 16 | . 12 . 4 . Catastrophic 2 | . 1 . 1 . Database Lockouts . | . . . . . Manual 26 | . 20 . 6 . Terminals 36 | . 24 . 12 . Fabricators . | . . . . . Repair Stations 6 | . 2 . 2 2 Recycling Units 1 | . . . 1 . Scanalyzers . | . . . . . Garrison Access 1 | . . . 1 . Terminal Hacks 11 | . 4 . 7 . Robot Analysis 1 | . 1 . . . Prototype ID Bank 3 | . 2 . 1 . Branch Access Points 1 | . . . 1 . Unreport Threat 4 | . 1 . 3 . Locate Traps 1 | . . . 1 . Hauler Manifests 1 | . . . 1 . Fabricator Hacks . | . . . . . Repair Station Hacks 6 | . 2 . 2 2 Scan Component 3 | . 1 . 1 1 Repair 3 | . 1 . 1 1 Recycling Unit Hacks 1 | . . . 1 . Retrieve Components 1 | . . . 1 . Scanalyzer . | . . . . . Garrison Access Hacks 1 | . . . 1 . Seal Access 1 | . . . 1 . Unauthorized Hacks 9 | . 8 . 1 . Terminals 9 | . 8 . 1 . Assimilate 1 | . . . 1 . Botnet 2 | . 2 . . . Operators 1 | . 1 . . . Skim 5 | . 5 . . . Fabricators . | . . . . . Repair Stations . | . . . . . Recycling Units . | . . . . . Scanalyzers . | . . . . . Garrison Access . | . . . . . Data Cores Recovered 1 | . 1 . . . Used 1 | . 1 . . . Hacking Detections 13 | . 8 . 4 1 Full Trace Events . | . . . . . Feedback Events . | . . . . . Feedback Blocked . | . . . . . Robot Schematics Acquired . | . . . . . Robots Built . | . . . . . Authchips . | . . . . . Time . | . . . . . Total Robot Build Rating . | . . . . . Part Schematics Acquired . | . . . . . Parts Built . | . . . . . Authchips . | . . . . . Time . | . . . . . Total Part Build Rating . | . . . . . Parts Repaired 3 | . 1 . 1 1 Time 65 | . 13 . 26 26 Parts Recycled . | . . . . . Recycled Matter . | . . . . . Retrieved Matter . | . . . . . Retrieved Components 10 | . . . 10 . Parts Scanalyzed . | . . . . . Part Schematics Acquired . | . . . . . Parts Damaged . | . . . . . Bothacking | -11 -10 -10 -8 -7 ------------ Run | Yrd Mat Sub Mat Fac Used RIF Installer . | . . . . . Robots Hacked . | . . . . . Non-combat . | . . . . . Combat . | . . . . . Robot Hacks Applied . | . . . . . Relay Couplers Released 2 | . . . . 2 Machine Destruction 2 | . . . . 2 Fabnet Peak Effective % . | . . . . . Robots Rewired . | . . . . . Allies Hacked . | . . . . . Hacks Repelled . | . . . . . Allies | -11 -10 -10 -8 -7 -------- Run | Yrd Mat Sub Mat Fac Total Allies 1 | . . . 1 . Largest Group 1 | . . . 1 . Highest-Rated Group 10 | . . . 10 . Highest-Rated Ally 10 | . . . 10 . Total Orders . | . . . . . Ally Attacks . | . . . . . Total Damage . | . . . . . Kills . | . . . . . Allies Corrupted . | . . . . . Allies Melted . | . . . . . Intel | -11 -10 -10 -8 -7 ------- Run | Yrd Mat Sub Mat Fac Active Infowar (turns) . | . . . . . Robot Analysis Total 1 | . 1 . . . Derelict Logs Recovered . | . . . . . Drone Launches . | . . . . . Drone Recoveries . | . . . . . Exploration | -11 -10 -10 -8 -7 ------------- Run | Yrd Mat Sub Mat Fac Turns Passed 4673 | . 1978 564 1754 377 Spaces Moved 1732 | 1 754 200 650 127 Core . | . . . . . Treads 1724 | . 747 200 650 127 Legs 8 | 1 7 . . . Wheels . | . . . . . Hover . | . . . . . Flight . | . . . . . Fastest Speed 120 | 120 120 240 160 242 Average Speed 217 | 120 231 240 189 242 Slowest Speed 242 | 120 240 240 242 242 Overloaded Moves . | . . . . . Propulsion Burnouts . | . . . . . Robots Hopped . | . . . . . Potential Cave-ins . | . . . . . Cave-ins Triggered . | . . . . . Exploration Rate (%) 36 | 2 94 17 65 6 Regions Visited 4 Branch Regions 1 Pre-discovered Areas 1 | . 1 . . . Known Exits Taken 1 | . 1 . . . Unknown Exits Taken 3 | 1 . 1 1 . Scrap Searched . | . . . . . Spaces Dug . | . . . . . Terrain Destroyed 4 | . . . 4 . Melee . | . . . . . Projectile 4 | . . . 4 . AOE . | . . . . . Terrain Rammed . | . . . . . Walls Destroyed . | . . . . . Machines Disabled . | . . . . . Actions | -11 -10 -10 -8 -7 --------- Run | Yrd Mat Sub Mat Fac Total 2271 | . 873 244 983 171 Wait 119 | . 21 1 71 26 Move 1728 | . 753 199 649 127 Hop . | . . . . . Pick Up 67 | . 17 8 40 2 Fast Attach 11 | . 1 . 10 . Attach 19 | . 1 3 13 2 Detach . | . . . . . Swap 42 | . 11 4 25 2 Drop 62 | . 10 6 46 . Fire 203 | . 48 22 121 12 Melee . | . . . . . Ram . | . . . . . Kick . | . . . . . Crush 19 | . 11 . 8 . Escape Stasis . | . . . . . Rewire . | . . . . . Trap 1 | . . 1 . . Miscellaneous . | . . . . . Route ------- -11/Scrapyard -10/Materials (discovered 5 exits: [*Mat x3] / [*Min] / *Sub) -10/Subcaves -8/Materials (discovered 2 exits: *Fac x2) -7/Factory History --------- Turn | Location | Event 1 | -11/Scrapyard | Discovered new exit (range 0) 1 | -11/Scrapyard | Entered Materials 118 | -10/Materials | Discovered new exit (range 15) 308 | -10/Materials | Build established: Mutant 397 | -10/Materials | Discovered new exit (range 16) 909 | -10/Materials | Discovered new exit (range 5) 1037 | -10/Materials | Identified exit to Subcaves 1088 | -10/Materials | Learned location of 2 exits from Mines 1131 | -10/Materials | Learned Storage trap positions 1138 | -10/Materials | Repaired Lgt. Treads 1181 | -10/Materials | Learned location of Mines (-9) 1208 | -10/Materials | Learned Storage trap positions 1245 | -10/Materials | Learned Storage emergency access door positions 1271 | -10/Materials | Discovered new exit (range 9) 1979 | -10/Materials | Entered Subcaves 1987 | -10/Subcaves | Ambushed by Subdwellers from Twisted Machinery 2002 | -10/Subcaves | Core integrity fell below 50% 2080 | -10/Subcaves | A swath of the cavern ceiling suddenly collapsed 2125 | -10/Subcaves | Core integrity fell below 20% 2425 | -10/Subcaves | Ambushed by Subdwellers from Twisted Machinery 2510 | -10/Subcaves | Discovered new exit (range 13) 2543 | -10/Subcaves | Entered Materials 2543 | -8/Materials | Evolved 4 slots: Propulsion x2, Utility x2 2792 | -8/Materials | Repaired Lgt. Treads 3061 | -8/Materials | Discovered new exit (range 4) 3243 | -8/Materials | Garrison activated, responded to threat 3415 | -8/Materials | Build established: Scavenger-Mutant 4217 | -8/Materials | Discovered new exit (range 6) 4297 | -8/Materials | Entered Factory 4297 | -7/Factory | Evolved 2 slots: Utility x2 4382 | -7/Factory | Repaired Lgt. Treads 4656 | -7/Factory | Garrison activated, responded to threat 4674 | -7/Factory | Self-destructed Last Messages --------------- 04656_ ALERT: Activating Garrison Access F003. 04656_ U-05 Engineer builds a Door. 04658_ K-01 Serf collects debris. 04659_ Fusion Modulator explodes. 04659_ K-01 Serf destroyed. 04660_ Y-54 Guardian heat damages Imp. Deuterium Engine, Imp. Light Armor Plating. 04661_ Y-54 Guardian heat short circuits Imp. Heat Sink. 04662_ Y-54 Guardian heat damages Broken Imp. Heat Sink. 04662_ Y-54 Guardian critical meltdown. 04662_ Lgt. Treads melted. 04665_ G-47 Trooper destroyed. 04667_ U-05 Engineer builds a Wall. 04668_ ALERT: Garrison Access compromised, dispatching multiple assault carriers. 04668_ Garrison Access disabled. 04668_ Relay Coupler [Grunt] tumbles out of Garrison Access. 04668_ Relay Coupler [Hunter] tumbles out of Garrison Access. 04671_ U-05 Engineer lays Concrete. 04674_ U-05 Engineer builds a Wall. Map ----- +----------------------------------------------------+ | ?????????????????????????????????????????????????? | | ?????????????????????????????????????????????????? | | ?????????????????????????????????????????????????? | | ?????????????????????????????????????????????????? | | ?????????????????????????????????????????????????? | | ?????????????????????????????????????????????????? | | ?????????????????????????????????????????????????? | | ?????????????????????????????????????????????????? | | ???????????????????????##########????????????????? | | ???????????????????????# #????????????????? | | ???????????????????????#"""" #????????????????? | | ???????????????????????#"""" #????????????????? | | ???????????????????????#"""" #????????????????? | | ???????????????????????#"""" ! ###########??????? | | ???????????????????????#"""" # """"" #??????? | | ???????????????????????#"""" #] """"" #??????? | | ???????????????????????#"""" # """ #??????? | | ??????????????????????## + #??????? | | ??????????????????????#;;;;;;;;;# #??????? | | ??????????????????????# ; # #??????? | | ?????????????????????## ; ; #??????? | | ?????????????????????? ; ; #??????? | | ??????????????????????# ; ;#+##+############ | | ??????????????????????# ; | | ?????????????# !! ######= | | ?????????" + [%! %u%@ | | ?????????????# = ###!!=;;;;;;;## | | ?????????????????????# %# = # | | ?????????????????????# +!% """ # #####+##### | | ?????????????????????# ?# *Y!"G" # # | | ?????????????????????#??# " # # "" "" | | ????????????????????????# Y! / # "" "" | | ????????????????????????# # # """ """ | | ????????????????????????# [[ # # """ """ | | ????????????????????????? / [ # # """ """ | | ????????????????????????? # # ? | | ?????????????????????????####### # #??#######? | | ????????????????????????????????## ?????????? | | ?????????????????????????????????? ??????????? | | ?????????????????????????????????????????????????? | | ?????????????????????????????????????????????????? | | ?????????????????????????????????????????????????? | | ?????????????????????????????????????????????????? | | ?????????????????????????????????????????????????? | | ?????????????????????????????????????????????????? | | ?????????????????????????????????????????????????? | | ?????????????????????????????????????????????????? | | ?????????????????????????????????????????????????? | | ?????????????????????????????????????????????????? | | ?????????????????????????????????????????????????? | +----------------------------------------------------+ Best States ------------- Heat Dissipation 70 Energy Generation 14 Energy Capacity 800 Matter Stores 300 Matter Capacity 300 Sight Range 16 Terrain Scan Density 10 Armor Coverage 450 Utility Shielding 66 Evasion (%) 50 Targeting Accuracy 6 Recoil Reduction 4 Offensive Hacking 10 Item Schematics ----------------- None Robot Schematics ------------------ None Fabricated ------------ Nothing Repaired ---------- Lgt. Treads | 7% | -10/Materials Lgt. Treads | 1% | -8/Materials Lgt. Treads | 10% | -7/Factory Alien Tech Used ----------------- None Achievements -------------- None Challenges ------------ None Game ------ Seed StasisBlanketRay Manual? 0 Play Time 00:21:50 Cumulative 930.1 hours Start 2025.06.09 @ 17:01:09 End 2025.06.09 @ 17:21:46 Sessions 1 Manual Loads 0 Difficulty Rogue Special Mode None Game No. 1529 Rogue 1529 Adventurer 0 Explorer 0 Win Type - Total 91 Types 54/1/16/14/4/0/0/1/0/1 Lore% 91 Gallery% 83 Achievement% 85 Wizard Run 0 Options --------- Layout 0 ASCII 1 Keyboard 0 Movement Numpad Keybinds 1 Fullscreen 2 Font 18/SmallcapsGlow Map View 76x50 Zoom Use 0% Tactical HUD 1 Map Filters NONE Filters NONE Steam 1 RUN: f04ba965-a00f-49b1-a3af-1600e129effb